AoeStats
← Perro_Muchachev

Arabia

503576588Analyzed
1v1 RM · 1mo ago on Sep 1, 2026· 56m 28s· 2 players
Game mode
Random Map
Map size
Tiny (2 player)
Population
200
Speed
Normal
Resources
Standard
Victory
Conquest
Starting age
Dark Age
Ending age
Imperial Age
RankedLock teamsTeams togetherTeam positionsShared explorationLock speedFull tech treeHidden civsTurbo modeCheats
Victory
Defeat
🇪🇸 Mongols · Spain
1703
+16
🇨🇳 Khitans · China
1706
-16
Perro_Muchachev
9:41 Feudal Age
9:54 Loom
9:43 Man-at-Arms
10:32 Loom
20:29 Castle Age
18:31 Horse Collar
19:09 Fletching
20:07 Gold Mining
21:02 Bloodlines
21:13 Bodkin Arrow
21:21 Double-Bit Axe
22:48 Husbandry
24:51 Ballistics
24:32 Padded Archer Armor
25:13 Bow Saw
24:52 Town Watch
26:03 Leather Archer Armor
27:18 Thumb Ring
30:09 Elite Skirmisher
31:56 Wheelbarrow
42:07 Gold Shaft Mining
52:34 Imperial Age
50:50 Stone Mining
53:45 Parthian Tactics
53:26 Bracer
54:28 Chemistry
54:37 Scale Barding Armor
54:42 Forging
56:50 Hand Cart
56:25 Light Cavalry
57:27 Chain Barding Armor
张献忠
6:40 Loom
8:48 Feudal Age
14:34 Forging
17:15 Wheelbarrow
16:39 Double-Bit Axe
20:57 Castle Age
18:51 Gold Mining
19:14 Padded Archer Armor
19:29 Fletching
21:45 Bodkin Arrow
22:02 Bow Saw
22:01 Husbandry
21:53 Heavy Cavalry Archer
27:25 Ballistics
30:31 Leather Archer Armor
31:00 Thumb Ring
37:10 Wheelbarrow
40:03 Town Watch
49:25 Imperial Age
47:23 Stone Mining
48:22 Hand Cart
50:27 Hand Cart
49:38 Elite Skirmisher
52:01 Two-Man Saw
55:16 Conscription
56:37 Domestication
Connection lost

Rejoining the realm…

Still unreachable

The connection could not be restored.

Session expired

The server has moved on; the page needs a fresh start.